 Dungeon Crawl Stone Soup version 0.22.0 (webtiles) character file.

130 troglodite the Skirmisher (level 4, -8/37 HPs)
             Began as a Demonspawn Berserker on Aug 10, 2018.
             Was a Believer of Trog.
             Mangled by a worm (9 damage)
             ... on level 3 of the Dungeon.
             The game lasted 00:05:51 (2720 turns).

troglodite the Skirmisher (Demonspawn Berserker)    Turns: 2720, Time: 00:05:52

Health: -8/37      AC:  5    Str: 17    XL:     4   Next: 89%
Magic:  0/4        EV: 12    Int:  8    God:    Trog [**....]
Gold:   95         SH:  0    Dex: 14    Spells: 3/3 levels left

rFire    . . .     SeeInvis .   g - -3 dagger (curse)
rCold    + . .     Gourm    .   (no shield)
rNeg     . . .     Faith    .   n - +0 ring mail
rPois    .         Spirit   +   (no helmet)
rElec    .         Reflect  .   (no cloak)
rCorr    .         Harm     .   (no gloves)
MR       .....                  (no boots)
Stlth    +.........             (no amulet)
HPRegen  0.12/turn              (no ring)
MPRegen  0.09/turn              (no ring)

@: berserk cooldown, slowed, very slow
A: hooves 1, cold resistance 1, magic shield
a: Berserk, Trog's Hand, Renounce Religion


You were on level 3 of the Dungeon.
You worshipped Trog.
Trog was pleased with you.
You were not hungry.

You visited 1 branch of the dungeon, and saw 3 of its levels.

You collected 95 gold pieces.

Inventory:

Hand Weapons
 a - a +0 falchion
 g - a cursed -3 dagger (weapon)
 k - a +2 dagger of pain
Armour
 n - a +0 ring mail (worn)
Potions
 b - a potion of berserk rage {unknown}
 d - 2 potions of curing
 f - a potion of might {unknown}
 i - a potion of flight {unknown}
 j - 2 potions of haste
 m - a potion of degeneration {unknown}
 o - 2 potions of invisibility {unknown}
Comestibles
 c - 2 rations


   Skills:
 * Level 4.0 Fighting
 + Level 3.3 Long Blades
   Level 0.9 Axes
 * Level 2.2 Armour
 * Level 2.6 Dodging
 + Level 0.7 Stealth


You had 3 spell levels left.
You didn't know any spells.
Your spell library was empty.

Dungeon Overview and Level Annotations

Branches:
Dungeon (3/15)

Altars:
Ashenzari


Innate Abilities, Weirdness & Mutations

You have large cloven feet.
Your flesh is cold resistant. (rC+)
When hurt, damage is shared between your health and your magic reserves.


Message History

The worm is moderately wounded.
The worm bites you!
* * * LOW HITPOINT WARNING * * *
Unknown command.
You hit the worm. You kick the worm.
The worm is heavily wounded.
The worm bites you but does no damage.
You hit the worm.
The worm is heavily wounded.
The worm bites you but does no damage.
Unknown command.
You hit the worm. You kick the worm.
The worm is severely wounded.
The worm bites you.
* * * LOW HITPOINT WARNING * * *
Unknown command.
You hit the worm but do no damage. You kick the worm.
The worm is almost dead.
The worm bites you!
You die...

.# #.# ##
#.### #.?
....##
#..#####.....
#..#.!).....#
#.....)@..#.#
##....w#)...#
#........#<#
#.#...##.#.#
# #... ..#.#
#...####.#
..... #.#
##... #.# ..#


You could see a worm.

Vanquished Creatures
  3 adders (D:2)
  4 gnolls
  2 worms (D:2)
  A ball python (D:1)
  3 giant cockroaches
  6 goblins
  8 hobgoblins
  7 jackals (D:2)
  6 kobolds
  3 bats
  7 frilled lizards
  7 rats
57 creatures vanquished.

Notes
Turn   | Place    | Note
-------+----------+-------------------------------------------
     0 | D:1      | troglodite the Demonspawn Berserker began the quest for the Orb.
     0 | D:1      | Reached XP level 1. HP: 18/18 MP: 1/1
    87 | D:1      | Gained mutation: Your flesh is cold resistant. (rC+) [demonic ancestry]
    87 | D:1      | Reached XP level 2. HP: 8/24 MP: 2/2
   796 | D:1      | Gained mutation: You have large cloven feet. [demonic ancestry]
   796 | D:1      | Reached XP level 3. HP: 22/29 MP: 3/3
   798 | D:1      | Reached ** piety under Trog
  1421 | D:2      | Found a shattered altar of Ashenzari.
  1611 | D:2      | Gained mutation: When hurt, damage is shared between your health and your magic reserves. [demonic ancestry]
  1611 | D:2      | Reached XP level 4. HP: 12/37 MP: 4/4
  2706 | D:3      | Reached skill level 4 in Fighting
  2719 | D:3      | HP: 1/37 [worm (6)]
  2720 | D:3      | Mangled by a worm

Skill      XL: |  1  2  3  4 |
---------------+-------------+-----
Long Blades    | 3 |  3.3
Dodging        | 2 |  2.6
Armour         | 2 |  2.2
Fighting       | 4 |  4.0
Axes           | |  0.9
Stealth        | |  0.7

Action                   |  1- 3 |  4- 6 || total
-------------------------+-------+-------++-------
Melee: Hand axe          |   120 |    35 ||   155
       Kick              |    20 |    13 ||    33
       Dagger            |       |    33 ||    33
Invok: Berserk           |     1 |     2 ||     3
       Trog's Hand       |     1 |       ||     1
  Use: Scroll            |     1 |     6 ||     7
       Potion            |     1 |       ||     1
 Stab: Sleeping          |     1 |     1 ||     2
       Distracted        |     1 |       ||     1
  Eat: Chunk             |     3 |     4 ||     7
       Ration            |       |     1 ||     1
Armor: Animal skin       |    14 |     3 ||    17
       Ring mail         |       |    12 ||    12
Dodge: Dodged            |    78 |    57 ||   135
